 Dungeon Crawl Stone Soup version 0.30-a0-802-gb92711bcdf (webtiles) character file.

Game seed: 15695383855565173779

49 jimonade the Grasshopper (level 3, 0/37 HPs)
             Began as an Ogre Warper on Feb 25, 2023.
             Slain by an orc
             ... wielding a +0 hand axe
              (5 damage)
             ... on level 2 of the Dungeon.
             The game lasted 00:01:50 (1362 turns).

jimonade the Grasshopper (Ogre Warper)              Turns: 1362, Time: 00:01:51

Health: 0/37       AC:  3    Str: 15    XL:     3   Next: 75%
Magic:  6/6        EV: 10    Int: 14    God:
Gold:   92         SH:  0    Dex: 10    Spells: 7/7 levels left

rFire   . . .      SeeInvis .    a - +0 mace
rCold   . . .      Faith    .    (no shield)
rNeg    . . .      Spirit   .    b - +0 robe
rPois   .          Reflect  .    (helmet restricted)
rElec   .          Harm     .    (no cloak)
rCorr   .          Rampage  .    (gloves unavailable)
Will    .....                    (boots unavailable)
Stlth   +                        (no amulet)
HPRegen 0.26/turn                (no ring)
MPRegen 0.10/turn                (no ring)

@: no status effects
A: large, unfitting armour, tough skin 1
a: no special abilities


You were on level 2 of the Dungeon.
You visited 1 branch of the dungeon, and saw 2 of its levels.

You collected 92 gold pieces.

Inventory:

Hand Weapons
 a - a +0 mace (weapon)
Missiles
 d - 7 boomerangs of dispersal (quivered)
 g - 19 stones
 h - 3 poisoned darts
 i - 2 javelins
 q - 6 boomerangs
Armour
 b - a +0 robe (worn)
Magical Staves
 k - a staff of poison
Jewellery
 s - a +5 ring of evasion
Scrolls
 c - a scroll of blinking
 e - a scroll of teleportation {unknown}
 j - a scroll of acquirement {unknown}
 l - 2 scrolls of identify {unknown}
 p - 3 scrolls of enchant armour {unknown}
 r - a scroll of fog {unknown}
Potions
 f - a potion of flight {unknown}
 m - a potion of attraction {unknown}
 n - a potion of might {unknown}
 o - a potion of heal wounds {unknown}


   Skills:
 + Level 3.0 Fighting
 + Level 2.3 Maces & Flails
 + Level 1.0 Throwing
 + Level 2.7 Dodging
 + Level 2.5 Spellcasting
 * Level 3.1 Translocations


You had 7 spell levels left.
You didn't know any spells.
Your spell library contained the following spells:

 Spells                   Type           Power      Damage    Failure   Level
 Blink                    Tloc           20%        N/A       10%         2
 Lesser Beckoning         Tloc           20%        N/A       10%         2
 Teleport Other           Tloc           10%        N/A       19%         3
 Sting                    Tmut/Pois      4%         1d3       22%         1
 Poisonous Vapours        Pois/Air       2%         N/A       34%         2
 Vhi's Electric Charge    Tloc/Air       12%        N/A       34%         3
 Manifold Assault         Tloc           10%        N/A       52%         4
 Summon Guardian Golem    Hex/Summ       1%         N/A       56%         3
 Olgreb's Toxic Radiance  Pois           1%         N/A       92%         4
 Orb of Destruction       Conj           0%         9d5       100%        7
 Spellforged Servitor     Conj/Summ      0%         N/A       100%        7


Dungeon Overview and Level Annotations

Branches:
Dungeon (2/15)

Altars:


Innate Abilities, Weirdness & Mutations

You are too large for most types of armour.
You have tough skin. (AC +1)


Message History

You are too injured to fight recklessly!
You hit the orc.
The orc is heavily wounded.
The orc hits you with a +0 hand axe.
You hit the orc but do no damage.
The orc is heavily wounded.
The orc hits you with a +0 hand axe. The orc barely misses you.
You closely miss the orc.
The orc is heavily wounded.
The orc closely misses you.
You hit the orc.
You kill the orc!
You closely miss the orc.
The orc is moderately wounded.
The orc hits you but does no damage. The orc closely misses you.
You hit the orc.
The orc is severely wounded.
The orc closely misses you.
You closely miss the orc.
The orc is severely wounded.
The orc hits you but does no damage.
You barely miss the orc.
The orc is severely wounded.
The orc hits you with a +0 club.
You hit the orc.
You kill the orc!
An orc comes into view. It is wielding a +0 hand axe.
The orc moves out of view.
l - 2 scrolls labelled NOQ DENOKK (gained 1)
Items here: )) [[ ††.
An orc is nearby!
The orc closely misses you.
You hit the orc but do no damage. The orc closely misses you.
You barely miss the orc. The orc barely misses you.
You hit the orc but do no damage. The orc hits you with a +0 hand axe. x2
* * * LOW HITPOINT WARNING * * *
You hit the orc but do no damage. The orc hits you with a +0 hand axe.
* * * LOW HITPOINT WARNING * * *
You hit the orc but do no damage. The orc hits you with a +0 hand axe.
You die...

#.............##...
#######.###########.##.##
.........................
#######.###########.##.##
#.# #.##.#
#.###########.##.#
#)............##.#
#..#############.# #.@o..#
#.# ########.##.# #÷#
#........##.##########.##
......).........†.........
##.#......##..#####.######
#.####.##..# #....... #.
#.....# #.##..#. . .####.#
####.... . . #.# #....


You could see an orc.

Vanquished Creatures
  An adder (D:2)
  A dart slug (D:1)
  3 orcs (D:2)
  6 ball pythons
  4 bats
  3 endoplasms (D:1)
  A giant cockroach (D:1)
  2 goblins
  A hobgoblin (D:2)
  4 jackals (D:2)
  A quokka (D:1)
  2 kobolds (D:1)
  4 rats
33 creatures vanquished.

Notes
Turn   | Place    | Note
-------+----------+-------------------------------------------
     0 | D:1      | jimonade the Ogre Warper began the quest for the Orb.
     0 | D:1      | Reached XP level 1. HP: 22/22 MP: 3/3
   272 | D:1      | Reached XP level 2. HP: 29/29 MP: 5/5
  1015 | D:2      | Reached XP level 3. HP: 33/36 MP: 6/6
  1362 | D:2      | Slain by an orc

Illustrated notes

Levels and vault maps discovered:
D:1:      psy_arrival_basics, layout_basic
D:2:      layout_basic

Skill      XL: |  1  2  3 |
---------------+----------+-----
Translocations | 3 |  3.1
Maces & Flails | 2 |  2.3
Fighting       | 3 |  3.0
Throwing       | |  1.0
Dodging        | |  2.7
Spellcasting   | |  2.5

Action                     || total
---------------------------++-------
  Melee: Mace              ||   130
         Punch             ||     1
 Armour: Robe              ||    50
  Dodge: Dodged            ||    89

Table legend: (Time is in decaauts)
 A = Elapsed time spent in this place.
 B = Non-inter-level travel time spent in this place.
 C = Inter-level travel time spent in this place.
 D = Time resting spent in this place.
 E = Time spent auto-exploring this place.
 F = Levels seen in this place.
 G = Mean time per level.
                   A        B        C        D        E       F      G
               +--------+--------+--------+--------+--------+-----+--------+
         Total |   1400 |   1325 |     75 |      0 |   1004 |   2 |  700.0 |
       Dungeon |   1400 |   1325 |     75 |      0 |   1004 |   2 |  700.0 |
               +--------+--------+--------+--------+--------+-----+--------+

Top non-repeatable levels by time:
     D:1: 953 daAuts
     D:2: 447 daAuts
